 Dungeon Crawl Stone Soup version 0.27-a0-380-g150de4c (webtiles) character file.

Game seed: 8098310296741866517

205 MrTaco21 the Cudgeller (level 5, 0/32 HPs)
             Began as a Gargoyle Fighter on Feb 17, 2021.
             Killed by divine providence
             ... invoked by an orc priest
              (15 damage)
             ... on level 3 of the Dungeon.
             The game lasted 00:02:56 (2555 turns).

MrTaco21 the Cudgeller (Gargoyle Fighter)           Turns: 2555, Time: 00:02:56

Health: 0/32       AC: 10    Str: 20    XL:     5   Next: 83%
Magic:  5/5        EV:  7    Int:  9    God:
Gold:   106        SH:  9    Dex:  9    Spells: 4/4 levels left

rFire    . . .     SeeInvis .   a - +0 flail
rCold    . . .     Faith    .   c - +0 kite shield
rNeg     + . .     Spirit   .   b - +0 scale mail
rPois    ∞         Reflect  .   m - +0 hat
rElec    +         Harm     .   (no cloak)
rCorr    .         Rampage  .   (no gloves)
Will     .....                  (no boots)
Stlth    ..........             (no amulet)
HPRegen  0.10/turn              (no ring)
MPRegen  0.09/turn              (no ring)

@: no status effects
A: negative energy resistance 1, electricity resistance, unbreathing,
petrification resistance, miasma immunity, AC +4
a: no special abilities


You were on level 3 of the Dungeon.
You visited 1 branch of the dungeon, and saw 3 of its levels.

You collected 106 gold pieces.

Inventory:

Hand Weapons
 a - a +0 flail (weapon)
Armour
 b - a +0 scale mail (worn)
 c - a +0 kite shield (worn)
 m - a +0 hat (worn)
   (You found it on level 2 of the Dungeon)
Scrolls
 e - a scroll of enchant weapon {unknown}
 f - 3 scrolls of amnesia {unknown}
 h - 4 scrolls of teleportation {unknown}
 i - 3 scrolls of identify {unknown}
 j - a scroll of enchant armour {unknown}
Potions
 d - a potion of might
 g - a potion of invisibility {unknown}
 k - 2 potions of heal wounds {unknown}
 l - a potion of curing {unknown}
 n - a potion of attraction {unknown}
 p - a potion of brilliance {unknown}


   Skills:
 - Level 3.2 Fighting
 + Level 5.9 Maces & Flails
 - Level 3.2 Armour
 - Level 3.2 Shields


You had 4 spell levels left.
You didn't know any spells.
Your spell library contained the following spells:

 Spells                   Type           Power        Failure   Level
 Magic Dart               Conj           0%           99%         1
 Blink                    Tloc           N/A          100%        2
 Call Imp                 Summ           0%           100%        2
 Slow                     Hex            0%           100%        2
 Conjure Flame            Conj/Fire      0%           100%        3
 Mephitic Cloud           Conj/Pois/Air  0%           100%        3


Dungeon Overview and Level Annotations

Branches:
Dungeon (3/15)

Altars:


Innate Abilities, Weirdness & Mutations

You are resistant to torment.
Your stone body is resilient. (AC +4)
You are immune to poison.
You resist negative energy. (rN+)
You are resistant to electric shocks. (rElec)
You can survive without breathing.
You are immune to petrification.
You are immune to miasma.


Message History

You hit the kobold.
You kill the kobold!
No target in view!
No target in view!
No target in view!
No target in view!
No target in view!
No target in view!
No target in view!
An orc priest comes into view. It is wielding a +0 short sword.
The orc priest shouts!
You hear a shout! x3
An orc comes into view. It is wielding a +0 short sword.
An orc comes into view. It is wielding a +0 trident.
The orc shouts!
There are monsters nearby!
There are monsters nearby!
You closely miss the orc priest. The orc priest barely misses you.
You closely miss the orc priest. You block the orc priest's attack.
The orc hits you but does no damage.
You barely miss the orc priest.
The orc priest hits you but does no damage.
You block the orc's attack.
An orc comes into view. It is wielding a +0 short sword.
The orc priest hits you but does no damage.
You completely miss the orc priest.
The orc hits you from afar with a +0 trident.
The orc priest mumbles some strange prayers to Beogh against you.
Beogh smites you!
* * * LOW HITPOINT WARNING * * *
You hit the orc priest but do no damage.
The orc hits you but does no damage.
The orc priest hits you but does no damage.
You block the orc's attack.
Unknown command.
You hit the orc priest but do no damage.
The orc priest hits you but does no damage.
An orc comes into view. It is wielding a +0 whip.
The orc hits you but does no damage.
The orc priest hits you but does no damage.
Unknown command.
You closely miss the orc priest. You block the orc's attack.
The orc priest looks satisfied for a moment.
Unknown command.
You sock the orc priest! You block the orc's attack.
The orc priest barely misses you.
Unknown command.
You hit the orc priest.
The orc priest invokes the aid of Beogh against you.
Beogh smites you!
You die...

####..##.#####..
.# # ......##.#
### # .####.##)#
#### .# #.##.. ..#
.# #)#### #.# .#
#.# ###.### .# #)#
#.....# .# #)#
##.###.####### .#
#†#####..#
#@)...... .#
#).......#
#o####### .#
##..........o.# #
.###.#.#######o###
# .##.###...# #.#
#. .##..#.##.# # #
.. .##.#.###.# #.
###.#.# #.# #..##.
#.#.# #.#
#..##.####


You could see an orc priest and 2 orcs.

Vanquished Creatures
  Jessica (D:3)
  A worker ant (D:2)
  Robin (D:3)
  4 adders
  An ooze (D:1)
  A worm (D:3)
  3 dart slugs
  A leopard gecko (D:2)
  7 bats
  9 giant cockroaches
  13 goblins
  12 hobgoblins
  2 jackals (D:1)
  3 quokkas
  3 ball pythons
  3 frilled lizards
  14 kobolds
  10 rats
89 creatures vanquished.

Notes
Turn   | Place    | Note
-------+----------+-------------------------------------------
     0 | D:1      | MrTaco21 the Gargoyle Fighter began the quest for the Orb.
     0 | D:1      | Reached XP level 1. HP: 14/14 MP: 1/1
   211 | D:1      | Reached XP level 2. HP: 19/19 MP: 2/2
   256 | D:1      | Reached skill level 3 in Maces & Flails
   469 | D:1      | Reached XP level 3. HP: 23/23 MP: 3/3
  1010 | D:2      | Reached skill level 4 in Maces & Flails
  1128 | D:2      | Reached XP level 4. HP: 22/28 MP: 4/4
  1789 | D:2      | Reached skill level 5 in Maces & Flails
  1789 | D:2      | Reached XP level 5. HP: 32/32 MP: 5/5
  2252 | D:3      | Noticed Jessica
  2260 | D:3      | Killed Jessica
  2394 | D:3      | Noticed Robin
  2415 | D:3      | Killed Robin
  2555 | D:3      | Killed from afar by an orc priest

Illustrated notes

Levels and vault maps discovered:
D:1:      scummos_arrival_forest, layout_loops_ring, grunt_decor_cap,
          minmay_misc_feat_doors, minmay_crystal_room
D:2:      minmay_roachtagon, layout_loops_corners
D:3:      layout_loops_ring, nzn_hepliaklqana_mist_gate, uniq_robin,
          uniq_jessica

Skill      XL: |  1  2  3  4 |
---------------+-------------+-----
Maces & Flails | 3 4 5 |  5.9
Fighting       | |  3.2
Armour         | |  3.2
Shields        | |  3.2

Action                   |  1- 3 |  4- 6 || total
-------------------------+-------+-------++-------
Melee: Flail             |   121 |   162 ||   283
Armor: Scale mail        |    55 |   100 ||   155
Dodge: Dodged            |    33 |    60 ||    93
Block: Kite shield       |    82 |    91 ||   173

Table legend: (Time is in decaauts)
 A = Elapsed time spent in this place.
 B = Non-inter-level travel time spent in this place.
 C = Inter-level travel time spent in this place.
 D = Time resting spent in this place.
 E = Time spent auto-exploring this place.
 F = Levels seen in this place.
 G = Mean time per level.
                   A        B        C        D        E       F      G
               +--------+--------+--------+--------+--------+-----+--------+
         Total |   2675 |   2578 |     97 |     69 |   1856 |   3 |  891.7 |
       Dungeon |   2675 |   2578 |     97 |     69 |   1856 |   3 |  891.7 |
               +--------+--------+--------+--------+--------+-----+--------+

Top non-repeatable levels by time:
     D:2: 1161 daAuts
     D:1: 978 daAuts
     D:3: 535 daAuts
